BSA
HOUSTON MARSHALS @ SEATTLE PIKES
02/29/2028
 
TOP OF THE 1ST
Houston Marshals batting - Pitching for Seattle Pikes : RHP António Rijo
Pitching: RHP António Rijo
Batting: SHB Ramón Lugo 0-0: Called Strike
0-1: Swinging Strike
0-2: Ball
1-2: Ball
2-2: Foul Ball, location: 2F
2-2: Foul Ball, location: 2F
2-2: Foul Ball, location: 2F
2-2: SINGLE (Line Drive, 56)
Batting: LHB Lewis Barr 0-0: Foul Ball, location: 2F
0-1: Swinging Strike
0-2: Ball
1-2: Foul Ball, location: 2F
1-2: Ball
2-2: Foul Ball, location: 2F
2-2: Strikes out looking
Batting: LHB Matt Smith 0-0: Ball
1-0: Called Strike
1-1: Ball
2-1: Ball
3-1: Foul Ball, location: 2F
3-2: Foul Ball, location: 2F
3-2: Strikes out swinging
Batting: SHB Juan Gómez 0-0: Ball
1-0: Foul Ball, location: 2F
1-1: Foul Ball, location: 2F
1-2: Foul Ball, location: 2F
1-2: Foul Ball, location: 2F
1-2: Ball
2-2: Fielders Choice at 2nd, 4-6 (Groundball, 4)
Top of the 1st over - 0 run(s), 1 hit(s), 0 error(s), 0 left on base; Houston 0 - Seattle 0
BOTTOM OF THE 1ST
Seattle Pikes batting - Pitching for Houston Marshals : RHP Daniel Grant
Pitching: RHP Daniel Grant
Batting: RHB Wallace Greene 0-0: Called Strike
0-1: Ball
1-1: Swinging Strike
1-2: Foul Ball, location: 2F
1-2: Ball
2-2: Foul Ball, location: 2F
2-2: Fly out, F7 (Flyball, 7LD)
Batting: RHB Arnold Harmon 0-0: Called Strike
0-1: Foul Ball, location: 2F
0-2: Ground out 6-3 (Groundball, 6)
Batting: RHB Pete Rideout 0-0: Called Strike
0-1: Ball
1-1: Ball
2-1: Ball
3-1: Ground out 6-3 (Groundball, 6)
Bottom of the 1st over - 0 run(s), 0 hit(s), 0 error(s), 0 left on base; Houston 0 - Seattle 0
TOP OF THE 2ND
Houston Marshals batting - Pitching for Seattle Pikes : RHP António Rijo
Batting: LHB José Rodríguez 0-0: Called Strike
0-1: Ball
1-1: Called Strike
1-2: Strikes out looking
Batting: RHB David Murray 0-0: Called Strike
0-1: Foul Ball, location: 2F
0-2: Ball
1-2: Strikes out swinging
Batting: SHB Álex Rosado 0-0: Foul Ball, location: 2F
0-1: Foul Ball, location: 2F
0-2: Fly out, F7 (Flyball, 78S)
Top of the 2nd over - 0 run(s), 0 hit(s), 0 error(s), 0 left on base; Houston 0 - Seattle 0
BOTTOM OF THE 2ND
Seattle Pikes batting - Pitching for Houston Marshals : RHP Daniel Grant
Batting: RHB Iván Gonzáles 0-0: Foul Ball, location: 2F
0-1: Ball
1-1: Ball
2-1: Called Strike
2-2: SINGLE (Groundball, 4MD)
Batting: RHB Bill Mark 0-0: Ball
1-0: Foul Ball, location: 2F
1-1: Ball
2-1: Ball
3-1: Foul Ball, location: 2F
3-2: Base on Balls
Iván Gonzáles to second
Batting: RHB Manuel Rico 0-0: Reached on error, E1 (Line Drive, 15S)
Iván Gonzáles to third
Bill Mark to second
Batting: LHB Roberto Lozano 0-0: Called Strike
0-1: Swinging Strike
0-2: SINGLE (Groundball, 6D)
Iván Gonzáles scores
Bill Mark to third
Manuel Rico to second
Runner from 3rd tries for Home, SAFE, throw made home
Manuel Rico to third
Roberto Lozano to second
Batting: RHB Randy Sheppard 0-0: Fly out, F5 (Line Drive, 56S)
Batting: LHB Richard Hunter 0-0: Ball
1-0: Called Strike
1-1: Fly out, F4 (Popup, 3D)
Batting: RHB Wallace Greene 0-0: Foul Ball, location: 2F
0-1: Fly out, F9 (Flyball, 9LM)
Bottom of the 2nd over - 2 run(s), 2 hit(s), 1 error(s), 2 left on base; Houston 0 - Seattle 2
TOP OF THE 3RD
Houston Marshals batting - Pitching for Seattle Pikes : RHP António Rijo
Batting: RHB Jim Tracy 0-0: Called Strike
0-1: Ball
1-1: Ball
2-1: Ball
3-1: Foul Ball, location: 2F
3-2: Strikes out swinging, 2-3 out at first.
Batting: LHB Kent MacDulothe 0-0: Foul Ball, location: 2F
0-1: Ball
1-1: Ball
2-1: Ground out 6-3 (Groundball, 6)
Batting: SHB Ramón Lugo 0-0: Ball
1-0: Ball
2-0: Ball
3-0: Base on Balls
Batting: LHB Lewis Barr 0-0: Ball
1-0: Ground out U3 (Groundball, 34)
Top of the 3rd over - 0 run(s), 0 hit(s), 0 error(s), 1 left on base; Houston 0 - Seattle 2
BOTTOM OF THE 3RD
Seattle Pikes batting - Pitching for Houston Marshals : RHP Daniel Grant
Batting: RHB Arnold Harmon 0-0: Called Strike
0-1: Called Strike
0-2: Ball
1-2: Ball
2-2: Strikes out swinging
Batting: RHB Pete Rideout 0-0: SINGLE (Line Drive, 8LS)
Batting: RHB Iván Gonzáles 0-0: Fly out, F5 (Popup, 5S)
Batting: RHB Bill Mark 0-0: Ball
1-0: Called Strike
1-1: Ball
2-1: Ball
3-1: Swinging Strike
3-2: SINGLE (Groundball, 6D)
Pete Rideout to second
Pete Rideout to third
Batting: RHB Manuel Rico 0-0: Called Strike
0-1: Fly out, F7 (Flyball, 7)
Bottom of the 3rd over - 0 run(s), 2 hit(s), 0 error(s), 2 left on base; Houston 0 - Seattle 2
TOP OF THE 4TH
Houston Marshals batting - Pitching for Seattle Pikes : RHP António Rijo
Batting: LHB Matt Smith 0-0: Called Strike
0-1: Ball
1-1: Fly out, F7 (Flyball, 7S)
Batting: SHB Juan Gómez 0-0: Foul Ball, location: 2F
0-1: Ball
1-1: Fly out, F7 (Line Drive, 7LD)
Batting: LHB José Rodríguez 0-0: Swinging Strike
0-1: Called Strike
0-2: Strikes out swinging
Top of the 4th over - 0 run(s), 0 hit(s), 0 error(s), 0 left on base; Houston 0 - Seattle 2
BOTTOM OF THE 4TH
Seattle Pikes batting - Pitching for Houston Marshals : RHP Daniel Grant
Batting: LHB Roberto Lozano 0-0: Swinging Strike
0-1: Ground out 6-3 (Groundball, 6)
Batting: RHB Randy Sheppard 0-0: Ball
1-0: Ball
2-0: Foul Ball, location: 2F
2-1: Ball
3-1: Base on Balls
Batting: LHB Richard Hunter 0-0: Ball
1-0: Called Strike
1-1: Ball
Randy Sheppard is caught stealing 2nd base
2-1: DOUBLE (Line Drive, 9LM)
Batting: RHB Wallace Greene 0-0: Ground out 5-3 (Groundball, 56D)
Bottom of the 4th over - 0 run(s), 1 hit(s), 0 error(s), 1 left on base; Houston 0 - Seattle 2
TOP OF THE 5TH
Houston Marshals batting - Pitching for Seattle Pikes : RHP António Rijo
Pitching: RHP Jesús Suárez
Batting: RHB David Murray 0-0: Called Strike
0-1: SINGLE (Groundball, 56D)
Batting: SHB Álex Rosado 0-0: Ball
1-0: Called Strike
1-1: Ball
2-1: Swinging Strike
2-2: Fielders Choice at 2nd, 4-6 (Groundball, 34)
Batting: RHB Jim Tracy 0-0: Ball
1-0: Foul Ball, location: 2F
1-1: Swinging Strike
1-2: Ball
2-2: Foul Ball, location: 2F
2-2: Foul Ball, location: 2F
2-2: Foul Ball, location: 2F
2-2: Foul Ball, location: 2F
2-2: Fly out, F8 (Flyball, 8RS)
Batting: LHB Kent MacDulothe 0-0: Ball
1-0: Fly out, F8 (Line Drive, 8LS)
Top of the 5th over - 0 run(s), 1 hit(s), 0 error(s), 1 left on base; Houston 0 - Seattle 2
BOTTOM OF THE 5TH
Seattle Pikes batting - Pitching for Houston Marshals : RHP Daniel Grant
Pitching: RHP Dave Rhodes
Batting: RHB Arnold Harmon 0-0: Ball
1-0: Ball
2-0: Called Strike
2-1: Ball
3-1: Base on Balls
Batting: RHB Pete Rideout 0-0: Ball
1-0: Ball
2-0: Ball
3-0: Called Strike
3-1: SINGLE (Line Drive, 5D)
Arnold Harmon to second
Batting: RHB Iván Gonzáles 0-0: Ball
1-0: Foul Ball, location: 2F
1-1: Ball
2-1: Foul Ball, location: 2F
2-2: Ball
3-2: Fly out, F8 (Flyball, 8RM)
Batting: RHB Bill Mark 0-0: Ball
1-0: Foul Ball, location: 2F
1-1: Foul Ball, location: 2F
1-2: Ball
2-2: Ground out 5-3 (Groundball, 56S)
Arnold Harmon to third
Pete Rideout to second
Batting: RHB Manuel Rico 0-0: Foul Ball, location: 2F
0-1: Ball
1-1: Swinging Strike
1-2: Ball
2-2: Foul Ball, location: 2F
2-2: Ball
3-2: Fly out, F7 (Flyball, 78M)
Bottom of the 5th over - 0 run(s), 1 hit(s), 0 error(s), 2 left on base; Houston 0 - Seattle 2
TOP OF THE 6TH
Houston Marshals batting - Pitching for Seattle Pikes : RHP Jesús Suárez
Batting: SHB Ramón Lugo 0-0: Ball
1-0: Ball
2-0: Swinging Strike
2-1: Called Strike
2-2: Ball
3-2: Base on Balls
Batting: LHB Lewis Barr 0-0: Swinging Strike
0-1: Grounds into double play, 6-4-3 (Groundball, 6)
Batting: LHB Matt Smith 0-0: Ball
1-0: Called Strike
1-1: Called Strike
1-2: Ball
2-2: Foul Ball, location: 2F
2-2: Foul Ball, location: 2F
2-2: Ball
3-2: Fly out, F9 (Flyball, 9)
Top of the 6th over - 0 run(s), 0 hit(s), 0 error(s), 0 left on base; Houston 0 - Seattle 2
BOTTOM OF THE 6TH
Seattle Pikes batting - Pitching for Houston Marshals : RHP Dave Rhodes
Batting: LHB Roberto Lozano 0-0: Fly out, F7 (Flyball, 7LS)
Batting: RHB Randy Sheppard 0-0: Fly out, F4 (Popup, 34S)
Batting: LHB Richard Hunter 0-0: Ball
1-0: Fly out, F4 (Popup, 34)
Bottom of the 6th over - 0 run(s), 0 hit(s), 0 error(s), 0 left on base; Houston 0 - Seattle 2
TOP OF THE 7TH
Houston Marshals batting - Pitching for Seattle Pikes : RHP Jesús Suárez
Batting: SHB Juan Gómez 0-0: Swinging Strike
0-1: Foul Ball, location: 2F
0-2: Ball
1-2: Ball
2-2: Foul Ball, location: 2F
2-2: Ball
3-2: Base on Balls
Pitching: LHP Jesús Martínez
Batting: LHB José Rodríguez 0-0: Ball
1-0: Fly out, F9 (Flyball, 89D)
Pitching: LHP Manny Sandoval
Batting: RHB David Murray 0-0: Called Strike
0-1: Ball
1-1: Ball
2-1: Ball
3-1: Fly out, F9 (Flyball, 9LSF)
Batting: SHB Álex Rosado 0-0: Called Strike
0-1: Ball
1-1: Swinging Strike
1-2: Strikes out swinging
Top of the 7th over - 0 run(s), 0 hit(s), 0 error(s), 1 left on base; Houston 0 - Seattle 2
BOTTOM OF THE 7TH
Seattle Pikes batting - Pitching for Houston Marshals : RHP Dave Rhodes
Batting: RHB Wallace Greene 0-0: Foul Ball, location: 2F
0-1: Ball
1-1: Foul Ball, location: 2F
1-2: Foul Ball, location: 2F
1-2: Ball
2-2: Ball
3-2: Base on Balls
Pinch Hitting: RHB Robinson Pacheco 0-0: Bunted foul
0-1: Bunt missed!
0-2: Strikes out swinging
Pinch Hitting: RHB Murai Ishihara 0-0: Foul Ball, location: 2F
0-1: Ball
1-1: Ball
2-1: Grounds into double play, 5-4-3 (Groundball, 56)
Bottom of the 7th over - 0 run(s), 0 hit(s), 0 error(s), 0 left on base; Houston 0 - Seattle 2
TOP OF THE 8TH
Houston Marshals batting - Pitching for Seattle Pikes : LHP Manny Sandoval
Now at 1B: Eduardo Gómez
Now at 2B: Murai Ishihara
Batting: RHB Jim Tracy 0-0: Swinging Strike
0-1: Swinging Strike
0-2: Strikes out looking
Batting: LHB Kent MacDulothe 0-0: Swinging Strike
0-1: Ball
1-1: Ball
2-1: Foul Ball, location: 2F
2-2: Strikes out swinging
Batting: SHB Ramón Lugo 0-0: Ball
1-0: Swinging Strike
1-1: Fly out, F3 (Popup, 3D)
Top of the 8th over - 0 run(s), 0 hit(s), 0 error(s), 0 left on base; Houston 0 - Seattle 2
BOTTOM OF THE 8TH
Seattle Pikes batting - Pitching for Houston Marshals : RHP Dave Rhodes
Pitching: RHP Álex Rodríguez
Pinch Hitting: LHB John Nicholson 0-0: Swinging Strike
0-1: Ground out 3-1 (Groundball, 34)
Pinch Hitting: RHB Roberto Zamora 0-0: Ball
1-0: SINGLE (Groundball, 56D)
Pinch Hitting: SHB António Hernández 0-0: Called Strike
0-1: Fielders Choice at 2nd, 4-6 (Groundball, 4)
Pinch Hitting: LHB Brandon Cummings 0-0: Ground out 4-3 (Groundball, 34)
Bottom of the 8th over - 0 run(s), 1 hit(s), 0 error(s), 1 left on base; Houston 0 - Seattle 2
TOP OF THE 9TH
Houston Marshals batting - Pitching for Seattle Pikes : LHP Manny Sandoval
Pitching: LHP Cristián Escobar
Now at 2B: Roberto Zamora
Now at SS: Gary Kern
Now in LF: John Nicholson
Now in RF: Brandon Cummings
Batting: RHB Chris Parker 0-0: DOUBLE (Line Drive, 78M)
Pinch Hitting: RHB Gustavo Díaz 0-0: Ball
1-0: Called Strike
1-1: Ball
2-1: Called Strike
2-2: Strikes out swinging passed ball, reaches first!
Chris Parker to third
Pinch Runner at 1st Guy Moss:
Batting: SHB Juan Gómez 0-0: Called Strike
0-1: Ball
1-1: Ball
2-1: Swinging Strike
2-2: Foul Ball, location: 2F
2-2: Foul Ball, location: 2F
2-2: Strikes out swinging
Batting: LHB José Rodríguez 0-0: Called Strike
0-1: Ball
1-1: Ball
2-1: Swinging Strike
2-2: SINGLE (Line Drive, 8RS)
Chris Parker scores
Guy Moss to second
Pinch Hitting: RHB Gilberto López 0-0: Called Strike
0-1: Ball
1-1: Ball
2-1: Foul Ball, location: 2F
2-2: Fly out, F9 (Flyball, 9)
Runner from 2nd tags up, SAFE at 3rd with throw
Pinch Hitting: RHB Gregg Nelson 0-0: Called Strike
0-1: Called Strike
0-2: Strikes out looking
Top of the 9th over - 1 run(s), 2 hit(s), 0 error(s), 2 left on base; Houston 1 - Seattle 2
Tuesday, August 8th, 2017 - OOTP Baseball 17.12 Build 75